 Dungeon Crawl Stone Soup version 0.18-a0-1323-g706dcef (webtiles) character file.

86 FrancescoMac the Skirmisher (level 4, -2/37 HPs)
             Began as a Human Fighter on Feb 15, 2016.
             Slain by FrancescoMac's ghost (4 damage)
             ... on level 3 of the Dungeon.
             The game lasted 00:09:16 (2276 turns).

FrancescoMac the Skirmisher (Human Fighter)         Turns: 2276, Time: 00:09:16

Health: -2/37      AC: 12    Str: 17    XL:     4   Next: 77%
Magic:  4/4        EV:  2    Int:  9    God:
Gold:   61         SH:  9    Dex: 12    Spells: 0 memorised, 3 levels left

rFire  . . .     SeeInvis .     a - +0 long sword
rCold  . . .     Gourm    .     s - +0 plate armour
rNeg   . . .     Faith    .     p - +0 shield
rPois  .         Spirit   .     g - +0 helmet
rElec  .         Dismiss  .     (no cloak)
rCorr  .         Reflect  .     (no gloves)
SustAt .         Harm     .     (no boots)
MR     .....                    (no amulet)
Stlth  ..........               (no ring)
                                (no ring)

@: not resistant to hostile enchantments, extremely unstealthy
A: no striking features
a: no special abilities


You were on level 3 of the Dungeon.
You were not hungry.

You visited 1 branch of the dungeon, and saw 3 of its levels.

You collected 61 gold pieces.

Inventory:

Hand Weapons
 a - a +0 long sword (weapon)
Missiles
 f - 35 arrows
 i - 12 sling bullets
 k - 53 stones (quivered)
 u - 14 sling bullets of flame
Armour
 b - a +0 scale mail
 c - a +0 shield
 g - a +0 helmet (worn)
 p - a +0 shield (worn)
 q - a +0 chain mail
 s - a +0 plate armour (worn)
Jewellery
 r - an uncursed ring of stealth {unknown}
Scrolls
 e - a scroll of enchant armour
 j - 2 scrolls of identify
 l - a scroll of enchant weapon {unknown}
 n - 3 scrolls of remove curse
Potions
 d - a potion of might
 h - a potion of curing {unknown}
 m - a potion of heal wounds {unknown}
Comestibles
 o - a meat ration
 t - a bread ration
 v - a beef jerky


   Skills:
 + Level 3.8 Fighting
 + Level 2.8 Long Blades
 + Level 3.4 Armour
 + Level 3.5 Shields


You had 3 spell levels left.
You didn't know any spells.

Dungeon Overview and Level Annotations

Branches:
Dungeon (3/15)

Altars:
Fedhas
Gozag
Qazlal
Trog
Zin

Annotations:
D:3 FrancescoMac's ghost, weakling HuWr


Message History

FrancescoMac's ghost is severely damaged.
FrancescoMac's ghost hits you but does no damage.
You hit FrancescoMac's ghost but do no damage.
FrancescoMac's ghost is severely damaged.
You block FrancescoMac's ghost's attack. x2
You closely miss FrancescoMac's ghost.
FrancescoMac's ghost is severely damaged.
FrancescoMac's ghost hits you but does no damage.
You hit FrancescoMac's ghost but do no damage.
FrancescoMac's ghost is severely damaged.
You block FrancescoMac's ghost's attack.
You miss FrancescoMac's ghost.
FrancescoMac's ghost is severely damaged.
FrancescoMac's ghost hits you but does no damage.
FrancescoMac's ghost hits you.
* * * LOW HITPOINT WARNING * * *
Your plate armour prevents you from hitting FrancescoMac's ghost.
FrancescoMac's ghost is severely damaged.
FrancescoMac's ghost hits you.
You die...

#..... #.##.# #
#.##.# #.###
#.##.#......
.######.#.<.......
.......>...#.#.###
....##.##.#.#
.###.##.##.#.#.###
.....SW@...)....).
.#########.#######
#.# ..# ###


You could see FrancescoMac's ghost and an adder.

Vanquished Creatures
  A gnoll (D:1)
  An adder (D:2)
  An ooze (D:1)
  5 worms
  2 giant geckos (D:1)
  3 giant cockroaches (D:1)
  3 goblins (D:2)
  7 hobgoblins
  8 jackals
  A quokka (D:2)
  3 bats
  3 giant newts
  4 kobolds (D:1)
  2 rats (D:1)
  A fungus (D:2)
45 creatures vanquished.

Vanquished Creatures (others)
  2 fungi (D:2)
2 creatures vanquished.

Grand Total: 47 creatures vanquished

Notes
Turn   | Place    | Note
--------------------------------------------------------------
     0 | D:1      | FrancescoMac the Human Fighter began the quest for the Orb.
     0 | D:1      | Reached XP level 1. HP: 18/18 MP: 1/1
   294 | D:1      | Reached XP level 2. HP: 24/24 MP: 2/2
   528 | D:1      | Reached XP level 3. HP: 27/29 MP: 3/3
  1260 | D:2      | Found a blossoming altar of Fedhas.
  1289 | D:2      | Reached XP level 4. HP: 32/35 MP: 4/4
  1472 | D:2      | Found an opulent altar of Gozag.
  2088 | D:2      | Found a glowing silver altar of Zin.
  2096 | D:2      | Found a bloodstained altar of Trog.
  2110 | D:2      | Found a stormy altar of Qazlal.
  2258 | D:3      | Noticed FrancescoMac's ghost (weakling HuWr)
  2276 | D:3      | Slain by FrancescoMac's ghost

Vault maps used:
D:1:      dpeg_arrival_rooms_c
D:2:      fedhas_altar_3, grunt_temple_overflow_diamond, grunt_gozag_statues
D:3:      overflow_temple_1_default, nicolae_overflow_crystal_walls,
          first_bread, st_stairs_3, uniq_robin, uniq_grinder

Action                   |  1- 3 |  4- 6 || total
-------------------------+-------+-------++-------
Melee: Long sword        |   129 |    69 ||   198
  Use: Scroll            |     1 |     1 ||     2
  Eat: Bread ration      |     1 |       ||     1
